 Dungeon Crawl Stone Soup version 0.31.0-12-g77e489cdc1 (webtiles) character file.

Game seed: 13104244053499009611

9854 EonDragon20 the Nimble (level 11, -6/89 HPs)
             Began as a Merfolk Ice Elementalist on Feb 10, 2024.
             Was an Elder of Fedhas.
             Mangled by Harold
             ... wielding a +1 trident of freezing
              (9 damage)
             ... on level 11 of the Dungeon on Feb 12, 2024.
             The game lasted 00:32:23 (12511 turns).

EonDragon20 the Nimble (Merfolk Ice Elementalist)  Turns: 12511, Time: 00:32:24

Health: -6/89      AC: 16    Str:  8    XL:     11   Next: 53%
Magic:  19/26      EV: 17    Int: 20    God:    Fedhas [****..]
Gold:   456        SH:  5    Dex: 14    Spells: 8/18 levels left

rFire   . . .        d - +1 short sword (venom)
rCold   . . .        (no shield)
rNeg    . . .        a - +2 robe
rPois   .            (no helmet)
rElec   .            b - +0 cloak
rCorr   .            y - +2 pair of gloves
SInv    .            (no boots)
Will    +....        h - amulet of reflection
Stlth   +++          p - ring of willpower
HPRegen 0.34/turn    w - ring of magical power
MPRegen 0.20/turn

%: reflection
@: ice-armoured, marked
A: (nimble swimmer 2), mertail
a: Renounce Religion, Wall of Briars, Grow Ballistomycete, Overgrow


You were on level 11 of the Dungeon.
You worshipped Fedhas.
Fedhas was greatly pleased with you.
You visited 1 branch of the dungeon, and saw 11 of its levels.

You collected 456 gold pieces.

Inventory:

Hand Weapons
 d - a +1 short sword of venom (weapon)
Armour
 a - a +2 robe (worn)
 b - a +0 cloak (worn)
 y - a +2 pair of gloves (worn)
Jewellery
 h - an amulet of reflection (around neck)
 p - a ring of willpower (left hand)
 w - a ring of magical power (right hand)
 x - a ring of protection from cold
Wands
 j - a wand of charming (11)
 t - a wand of polymorph (15)
 u - a wand of light (7)
Scrolls
 i - 3 scrolls of identify
 m - 2 scrolls of poison
Potions
 c - 3 potions of brilliance
 e - 3 potions of might
 k - a potion of ambrosia
 o - a potion of degeneration {unknown}
 q - 3 potions of lignification
 r - 3 potions of enlightenment
 s - a potion of attraction {unknown}


   Skills:
 * Level 9.0 Fighting
 * Level 9.7 Short Blades
 * Level 11.0 Dodging
 - Level 5.7 Stealth
 - Level 4.3 Spellcasting
 - Level 8.6 Ice Magic
 - Level 6.2 Invocations


You had 8 spell levels left.
You knew the following spells:

 Your Spells              Type           Power      Damage    Failure   Level
a - Freeze                Ice            100%       1d10      1%          1
b - Frozen Ramparts       Ice            76%        1d12      1%          3
c - Ozocubu's Armour      Ice            38%        N/A       1%          3
d - Summon Ice Beast      Ice/Summ       21%        N/A       6%          3

Your spell library contained the following spells:

 Spells                   Type           Power      Damage    Failure   Level
 Cigotuvi's Dreadful Rot  Necr/Alch/Air  8%         N/A       19%         2
 Call Canine Familiar     Summ           4%         N/A       36%         3
 Fugue of the Fallen      Necr           4%         N/A       36%         3
 Inner Flame              Hex/Fire       4%         N/A       36%         3
 Sigil of Binding         Hex            4%         N/A       36%         3
 Freezing Cloud           Conj/Ice/Air   7%         6-21      71%         5
 Dimensional Bullseye     Hex/Tloc       2%         N/A       77%         4
 Ignite Poison            Fire/Alch      4%         N/A       77%         4
 Manifold Assault         Tloc           4%         N/A       77%         4
 Passage of Golubria      Tloc           4%         N/A       77%         4
 Sticky Flame             Fire/Alch      4%         2d4       77%         4
 Irradiate                Conj/Alch      2%         3d12      98%         5
 Silence                  Hex/Air        2%         N/A       98%         5
 Ignition                 Fire           2%         3d3       100%        8
 Lehudib's Crystal Spear  Conj/Erth      2%         10d2      100%        8


Dungeon Overview and Level Annotations

Branches:
Dungeon (11/15)            Temple (0/1) D:7            Lair (0/5) D:9
    Orc: D:9-12

Altars:
Fedhas
Kikubaaqudgha
Nemelex Xobeh
Qazlal
Trog
Uskayaw
Vehumet
Xom
Yredelemnul
Zin

Annotations:
D:11 Harold


Innate Abilities, Weirdness & Mutations

((You are very nimble when in or above water. (Stealth+, EV+, Speed+++)))
Your lower body shifts to a powerful aquatic tail in water.


Message History

Harold hits you with a +1 trident of freezing.
Harold freezes you.
You hit Harold but do no damage.
Harold looks as sick as possible!
Harold is heavily wounded.
You hit Harold but do no damage.
Harold looks as sick as possible!
Harold is heavily wounded.
The orc misses you. The orc completely misses you.
The wall freezes Harold!
Harold hits you with a +1 trident of freezing!!
* * * LOW HITPOINT WARNING * * *
Harold freezes you.
* * * LOW HITPOINT WARNING * * *
You feel better.
The orc hits you from afar with a +0 vampiric trident.
* * * LOW HITPOINT WARNING * * *
The orc hits you but does no damage.
The wall freezes Harold!
Harold hits you with a +1 trident of freezing.
* * * LOW HITPOINT WARNING * * *
Harold freezes you.
* * * LOW HITPOINT WARNING * * *
Okay, then.
Casting: Ozocubu's Armour (safe; 1% risk of failure)
Confirm with . or Enter, or press ? or * to list all spells.
A chill wind blows around you.
The frozen ramparts melt away.
The orc closely misses you. You block the orc's attack.
Harold hits you with a +1 trident of freezing!
* * * LOW HITPOINT WARNING * * *
Harold freezes you.
* * * LOW HITPOINT WARNING * * *
Press: ? - help, v - describe, . - travel
Here: Harold, wielding a +1 trident of freezing, wearing a +0 scale mail of willpower, quivering 2 throwing nets and carrying a wand of iceblast (almost dead, extremely poisoned, ally target)
The floor, spattered with blood.
Okay, then.
As you read the scroll labelled KEUHIBROSI, it crumbles to dust.
It is a scroll of amnesia.
Okay, then.
You block the orc's attack. The orc closely misses you.
Harold hits you with a +1 trident of freezing!
You die...
Harold sighs, "Finally, I can get that cattle farm and settle down."
Fedhas appreciates your contribution to the ecosystem.

.###.........................
...##.....................#
....#.......##..#####...#...
...........<..#.#####..##
..###.........#..##....#
..###....o..[....###.#.#
.)##.....#.##..o.###.#.###...
#))......#####.o..............
#.........# #..@.............
..........##....Y@............
..........##..#..#.......##...
.............##..#......## ##
............. #..##.....#
##...#.....## #..#........
....###.>(.## #......###..#
...####.....# #.....## ..#
...........#


You could see Harold (extremely poisoned, ally target), 2 orcs and a friendly
ice beast (summoned).

Vanquished Creatures
  3 two-headed ogres
  An ugly thing (D:11)
  A cyclops (D:11)
  2 elephants (D:9)
  An unseen horror (D:10)
  A queen bee (shapeshifter) (D:9)
  A troll (D:11)
  Prince Ribbit (D:7)
  A wraith (D:10)
  2 wyverns (D:9)
  5 yaks
  3 vampire mosquitoes (D:10)
  2 steam dragons
  An acid dragon (D:8)
  A water moccasin (D:9)
  2 sky beasts
  5 black bears
  8 orc warriors
  2 centaurs
  5 kobold brigands
  4 scorpions
  4 bullfrogs
  6 killer bees (D:11)
  5 howler monkeys
  4 bombardier beetles
  3 hounds
  3 orc priests (D:11)
  5 iguanas
  7 orc wizards
  10 gnolls
  8 adders
  A shadow imp (D:7)
  3 white imps
  4 ufetubi
  2 dart slugs
  A ribbon worm (D:4)
  34 orcs
  14 endoplasms
  4 giant cockroaches
  6 hobgoblins
  2 jackals (D:1)
  29 kobolds
  2 quokkas (D:2)
  9 ball pythons
  3 bats
  A frilled lizard (D:3)
  4 goblins
  9 rats
  A butterfly (D:7)
236 creatures vanquished.

Vanquished Creatures (others)
  A sleepcap (D:6)
  2 ufetubi
3 creatures vanquished.

Grand Total: 239 creatures vanquished

Notes
Turn   | Place    | Note
-------+----------+-------------------------------------------
     0 | D:1      | EonDragon20 the Merfolk Ice Elementalist began the quest
                  | for the Orb.
     0 | D:1      | Reached XP level 1. HP: 13/13 MP: 3/3
   265 | D:1      | Reached XP level 2. HP: 16/19 MP: 3/5
   309 | D:1      | Reached skill level 5 in Ice Magic
   474 | D:1      | Reached XP level 3. HP: 24/24 MP: 6/6
   478 | D:1      | Learned a level 3 spell: Frozen Ramparts
   479 | D:1      | Found a faded altar of an unknown god.
  1586 | D:2      | Reached XP level 4. HP: 21/30 MP: 0/7
  1681 | D:2      | Learned a level 3 spell: Ozocubu's Armour
  2337 | D:3      | Reached XP level 5. HP: 10/35 MP: 6/8
  3379 | D:4      | Reached skill level 1 in Short Blades
  3379 | D:4      | Reached skill level 3 in Dodging
  3443 | D:4      | Reached skill level 1 in Fighting
  3443 | D:4      | Reached XP level 6. HP: 43/43 MP: 2/9
  3911 | D:4      | Found a stormy altar of Qazlal.
  4284 | D:4      | Noticed a sky beast
  4293 | D:4      | Killed a sky beast
  4294 | D:4      | Reached XP level 7. HP: 50/50 MP: 3/10
  4672 | D:4      | Found a blossoming altar of Fedhas.
  4721 | D:4      | Became a worshipper of Fedhas Madash
  4773 | D:4      | Learned a level 3 spell: Summon Ice Beast
  4798 | D:5      | Entered Level 5 of the Dungeon
  5021 | D:5      | Upgraded the game from 0.31.0-11-ge490571c62 to
                  | 0.31.0-12-g77e489cdc1
  5115 | D:5      | Reached skill level 4 in Dodging
  5889 | D:6      | Noticed a yak
  5889 | D:6      | Noticed a yak
  5922 | D:6      | Noticed a yak
  5925 | D:6      | Killed a yak
  5926 | D:6      | Reached XP level 8. HP: 21/58 MP: 6/12
  6193 | D:6      | Reached skill level 5 in Dodging
  6627 | D:7      | Found a shimmering altar of Xom.
  6643 | D:7      | Reached * piety under Fedhas
  6964 | D:7      | Found a staircase to the Ecumenical Temple.
  7005 | D:7      | Reached skill level 5 in Stealth
  7199 | D:7      | Noticed Prince Ribbit
  7207 | D:7      | Killed Prince Ribbit
  7208 | D:7      | Reached XP level 9. HP: 65/65 MP: 8/15
  7313 | D:7      | Reached skill level 6 in Dodging
  7969 | D:8      | Found a sparkling altar of Nemelex Xobeh.
  8111 | D:8      | Reached skill level 5 in Short Blades
  8275 | D:8      | Reached ** piety under Fedhas
  8487 | D:8      | Found a bloodstained altar of Trog.
  8506 | D:8      | Reached skill level 1 in Invocations
  9232 | D:9      | Reached skill level 5 in Invocations
  9379 | D:9      | Noticed an elephant
  9389 | D:9      | Reached skill level 5 in Fighting
  9406 | D:9      | Killed an elephant
  9407 | D:9      | Reached skill level 7 in Dodging
  9407 | D:9      | Reached XP level 10. HP: 21/74 MP: 11/16
  9593 | D:9      | Noticed a two-headed ogre
  9611 | D:9      | Killed a two-headed ogre
  9756 | D:9      | Found a glowing silver altar of Zin.
  9885 | D:9      | Noticed an elephant
  9919 | D:9      | Killed an elephant
  9920 | D:9      | Reached skill level 8 in Dodging
 10319 | D:9      | Reached *** piety under Fedhas
 10418 | D:9      | Found a staircase to the Lair.
 10527 | D:9      | Found a basalt altar of Yredelemnul.
 10586 | D:9      | Found a hide-covered altar of Uskayaw.
 10746 | D:10     | Entered Level 10 of the Dungeon
 10751 | D:10     | Noticed a two-headed ogre
 10809 | D:10     | Killed an unseen horror
 10810 | D:10     | Reached skill level 9 in Dodging
 10993 | D:10     | Reached XP level 11. HP: 82/85 MP: 17/17
 11157 | D:10     | Noticed a six-headed hydra
 11261 | D:10     | Found an ancient bone altar of Kikubaaqudgha.
 11262 | D:10     | Found a radiant altar of Vehumet.
 11301 | D:10     | Noticed a two-headed ogre
 11348 | D:10     | Killed a two-headed ogre
 11349 | D:10     | Reached skill level 10 in Dodging
 11802 | D:11     | Noticed a cyan ugly thing
 11819 | D:11     | Killed a cyan ugly thing
 11831 | D:11     | Reached **** piety under Fedhas
 11985 | D:11     | Noticed a cyclops
 11986 | D:11     | Noticed Harold
 11997 | D:11     | HP: 4/87 [Harold/+1 trident of freezing (7)]
 11998 | D:11     | Noticed a two-headed ogre
 12006 | D:11     | Killed a cyclops
 12344 | D:10     | Killed a two-headed ogre
 12345 | D:10     | Reached skill level 11 in Dodging
 12510 | D:11     | HP: 4/89 [Harold/+1 trident of freezing (9)]
 12511 | D:11     | Mangled by Harold

Illustrated notes

Levels and vault maps discovered:
D:1:      eino_arrival_tree_alley, layout_loops_ring,
          dreamdust_ecumenical_altar_grove, minmay_shallow_snake_nest
D:2:      layout_loops_ring, serial_rivers, chequers_serial_rivers_micro_b,
          chequers_serial_rivers_micro_e, chequers_serial_rivers_small_3,
          chequers_serial_rivers_micro_e, chequers_serial_rivers_micro_a
D:3:      layout_basic, hex_intersection, minmay_cut_off
D:4:      layout_loops_ring, nicolae_overflow_hidden_temple,
          fedhas_altar_fruit_tree
D:5:      layout_gridville
D:6:      layout_rooms
D:7:      layout_basic, xom_butterflies, minmay_temple_entry_statues,
          uniq_prince_ribbit1
D:8:      layout_basic, nemelex_spade_bored_becter, lemuel_doored_altar,
          chequers_decorated_corner
D:9:      layout_basic, zin_statuary, mainiacjoe_overflow_swirl,
          grunt_lair_entry_orc_guard_hut, minmay_chambers_of_fives
D:10:     layout_rooms, gammafunk_temple_overflow_pools, kennysheep_island_fort
D:11:     layout_cave_pools, uniq_harold

Skill      XL: |  1  2  3  4  5  6  7  8  9 10 11 |
---------------+----------------------------------+-----
Ice Magic      | 5 6 7 8 |  8.6
Short Blades   | 1 2 3 4 6 8 9 |  9.7
Dodging        | 3 4 5 7 9 11 | 11.0
Fighting       | 1 2 3 4 5 7 9 |  9.0
Stealth        | 3 4 5 |  5.7
Spellcasting   | 3 4 |  4.3
Invocations    | 6 |  6.2

Action                     |  1- 3 |  4- 6 |  7- 9 | 10-12 || total
---------------------------+-------+-------+-------+-------++-------
  Melee: Unarmed           |     1 |       |       |       ||     1
         Short sword       |    76 |    40 |   185 |   181 ||   482
         Punch             |       |     1 |     4 |     2 ||     7
   Cast: Freeze            |    11 |     1 |     1 |     2 ||    15
         Frozen Ramparts   |     6 |    31 |    49 |    28 ||   114
         Ozocubu's Armour  |       |     7 |    18 |    14 ||    39
         Summon Ice Beast  |       |       |       |     4 ||     4
    Use: Scroll            |     1 |     1 |    15 |     2 ||    19
         Potion            |       |     3 |       |     6 ||     9
   Stab: Sleeping          |     4 |     2 |     4 |       ||    10
 Armour: Robe              |    45 |    54 |   149 |   121 ||   369
  Dodge: Dodged            |    48 |    59 |   150 |   145 ||   402
  Block: Other             |       |       |    22 |    39 ||    61
         Reflection        |       |       |     1 |     1 ||     2
